 Dungeon Crawl Stone Soup version 0.16.1-14-g82efdee (webtiles) character file.

1556163 draider the Conqueror (level 27, 272/272 (273) HPs)
             Began as a Minotaur Berserker on Apr 9, 2015.
             Was a High Priest of Trog.
             Escaped with the Orb
             ... and 3 runes on Apr 12, 2015!
             The game lasted 13:25:57 (94956 turns).

draider the Conqueror (Minotaur Berserker)         Turns: 94956, Time: 13:25:57

HP:   272/272 (273) AC: 57    Str: 30    XL:     27
MP:   39/39         EV: 29    Int:  4    God:    Trog [*****.]
Gold: 5559          SH: 18    Dex: 28    Spells: 0 memorised, 26 levels left

rFire  + + .     SeeInvis .     J - +9 eveningstar of Wucat {crush, rPois}
rCold  + + .     Clarity  .     R - +10 gold dragon armour
rNeg   + + +     SustAb   +     L - +2 shield {rC+ rF+}
rPois  +         Gourm    .     U - +2 hat of the Bear Spirit {Spirit, +Rage rN+ MR++}
rElec  .         Spirit   +     v - +2 cloak {+Inv}
rCorr  .         Warding  .     O - +2 pair of gloves
rMut   +         Stasis   .     x - +2 pair of boots {run}
MR     ++++.                    o - amulet of resist mutation
Stlth  ..........               f - ring "Ketexoak" {Contam AC+4 Str+4 Dex+4}
                                l - ring of Yciqiusch {SustAb Contam rPois rN++ Dex+5}

@: quick, incredibly resistant to hostile enchantments, extremely unstealthy
A: retaliatory headbutt, horns 2, slimy green scales 1
a: Burn Spellbooks, Berserk, Trog's Hand, Brothers in Arms, Renounce Religion,
Evoke Berserk Rage, Evoke Invisibility
0: Orb of Zot
}: 3/15 runes: serpentine, barnacled, silver


You escaped.
You worshipped Trog.
Trog was extremely pleased with you.
You were full.

You visited 9 branches of the dungeon, and saw 55 of its levels.
You visited the Abyss 3 times.
You also visited: Labyrinth.

You collected 9268 gold pieces.
You spent 3709 gold pieces at shops.

Inventory:

Hand weapons
 i - the +1 eveningstar "Brilliance" {holy, rN+ AC+5 Int+5}
   (You took it off a deep elf annihilator on level 5 of the Vaults)

   It has been blessed by the Shining One to cause great damage to the undead
   and demons.
   It affects your AC (+5).
   It affects your intelligence (+5).
   It protects you from negative energy.
 J - the +9 eveningstar of Wucat (weapon) {crush, rPois}
   (Trog gifted it to you on level 4 of the Vaults)

   It inflicts extra damage upon your enemies.
   It protects you from poison.
Missiles
 S - 30 tomahawks of returning (quivered)
Armour
 v - a +2 cloak of invisibility (worn)
 x - a +2 pair of boots of running (worn)
 L - a +2 shield of resistance (worn)
 O - a +2 pair of gloves (worn)
 R - a +10 gold dragon armour (worn)
 U - the +2 hat of the Bear Spirit (worn) {Spirit, +Rage rN+ MR++}
   (You bought it in a shop on level 9 of the Dungeon)

   It protects you from negative energy.
   It affects your resistance to hostile enchantments.
   It lets you go berserk.
Jewellery
 b - an uncursed ring of teleport control
 f - the ring "Ketexoak" (right hand) {Contam AC+4 Str+4 Dex+4}
   (You took it off a deep elf sorcerer on level 3 of the Elven Halls)

   [ring of protection]

   It affects your AC (+4).
   It affects your strength (+4).
   It affects your dexterity (+4).
   It causes magical contamination when unequipped.
 l - the ring of Yciqiusch (left hand) {SustAb Contam rPois rN++ Dex+5}
   (You took it off a merfolk on level 5 of the Shoals)

   [ring of sustain abilities]

   It sustains your strength, intelligence and dexterity.
   It affects your dexterity (+5).
   It protects you from poison.
   It greatly protects you from negative energy.
   It causes magical contamination when unequipped.
 o - an amulet of resist mutation (around neck)
 A - an uncursed ring of see invisible
 B - the amulet "Khej" {rMut MP+9 Str+4 Int-2}
   (You took it off a deep elf knight on level 1 of the Elven Halls)

   [amulet of resist mutation]

   It protects you from mutation.
   It affects your strength (+4).
   It affects your intelligence (-2).
   It affects your magic capacity (+9).
 T - an uncursed amulet of resist corrosion
Magical devices
 e - a wand of heal wounds (3)
 h - a wand of heal wounds (5)
 m - a wand of heal wounds (5)
 u - a wand of fireball (6)
 z - a wand of heal wounds (1)
 C - a wand of invisibility (5)
 E - a wand of digging (9)
 X - a wand of disintegration (8)
 Y - a wand of teleportation (4)
Scrolls
 d - 8 scrolls of blinking
 g - 16 scrolls of teleportation
 j - 24 scrolls of remove curse
 k - 12 scrolls of identify
 n - 6 scrolls of fear
 q - 2 scrolls of silence
 r - 2 scrolls of immolation
 y - 3 scrolls of brand weapon
 D - 14 scrolls of fog
 G - 2 scrolls of recharging
 N - a scroll of enchant armour
 P - 11 scrolls of enchant weapon
 V - 7 scrolls of magic mapping
Potions
 a - a potion of cure mutation
 F - 2 potions of resistance
 H - 22 potions of curing
 I - a potion of haste
 Q - 4 potions of cancellation
 W - 12 potions of heal wounds
 Z - 9 potions of might
Miscellaneous
 t - a box of beasts
 w - a phial of floods
 K - a disc of storms
Comestibles
 c - 30 bread rations
 p - 23 meat rations


   Skills:
 O Level 27 Fighting
 + Level 26.9 Maces & Flails
 - Level 7.0 Throwing
 O Level 27 Armour
 + Level 24.0 Dodging
 - Level 15.2 Shields
   Level 0.0 Invocations
 + Level 18.1 Evocations


You had 26 spell levels left.
You didn't know any spells.

Dungeon Overview and Level Annotations

Branches:
Dungeon (15/15)            Temple (0/1) D:4            Lair (8/8) D:8
 Shoals (5/5) Lair:4        Snake (5/5) Lair:5        Slime (0/6) Lair:8
    Orc (4/4) D:10            Elf (3/3) Orc:3        Vaults (5/5) D:14
  Crypt (0/3) Vaults:3     Depths (5/5) D:15            Zot (5/5) Depths:5

Altars:
Dithmenos
Makhleb
Qazlal
Ru
Sif Muna
Trog
Vehumet
Xom
Zin
Beogh
Jiyva

Shops:
D:5 !   D:9 }}}[}   D:13 :   Orc:2 %   Orc:4 (([(   Shoals:1 (*   Vaults:1 *
Vaults:2 (   Vaults:5 *}   Depths:1 =

Portals:
Hell: Lair:8 Depths:1 Depths:2 Depths:3 Depths:4 Depths:5
Abyss: Depths:4
Pandemonium: Depths:1 Depths:2 Depths:3
Ziggurat: Depths:4

Annotations:
D:8 exclusion: statue


Innate Abilities, Weirdness & Mutations

You reflexively headbutt those who attack you in melee.
You have a pair of horns on your head.
You are partially covered in slimy green scales (AC +2).


Message History

A sixfirhy comes into view.
The sixfirhy completely misses you. You furiously retaliate!
You headbutt the sixfirhy! You impale the sixfirhy!! You headbutt the sixfirhy.
You kill the sixfirhy!
Trog accepts your kill.
No target in view!
You hear a grinding noise.
You hear a grinding noise.
Press: ? - help, v - describe, . - travel, g - get item 20 arrows.
The floor.
There is a cloud of flame here.
You hear a grinding noise.
There is an open door here.
There is a staircase leading out of the dungeon here.
A chaos spawn comes into view.
You close the door.
There is a staircase leading out of the dungeon here.
You have escaped!

.......# #..###..........
.#####.# #......####....# .# #.#
##.##### ##.#.# .# #.# #.# #.#..
## #.# #.# #.### ##.## ###.##
##'## ##...## #..#.## ##...##
#.###.# ########.# ##.....#
####.# #.## #..@..#.## ##.......
##...###..####.....#.####........
'............#.....#....'........
##.#############'############....
##.##≈≈≈≈≈≈≈≈≈≈≈3≈≈≈≈≈≈≈≈≈≈≈#....
#.##≈.PP♣♣P♣PP≈.≈♣♣P♣P♣♣.♣≈#....
#..#≈♣♣♣PP♣PP.≈.≈.♣P♣.♣♣.P≈#..##
####≈≈≈≈≈≈≈≈≈≈≈.≈≈≈≈≈≈≈≈≈≈≈#'##
#≈≈≈≈≈≈≈≈≈.....≈≈≈≈≈≈≈≈≈#.#


You could see a chaos spawn.

Vanquished Creatures
  7 orbs of fire
  6 ancient liches
  Boris (Vaults:3)
  Sojobo (Vaults:5)
  6 caustic shrikes
  Margery (Depths:4)
  Norris (Shoals:3)
  2 curse toes
  Mara (Elf:3)
  2 Killer Klowns (Zot:5)
  Mennas (Vaults:4)
  10 golden dragons
  6 bone dragons
  2 electric golems
  Nikola (Snake:3)
  The ghost of Magnus the Impaler, a mighty DsSk of Sif Muna (Vaults:5)
  An Ice Fiend (Depths:3)
  16 tentacled monstrosities
  A Hell Sentinel (Abyss:1)
  Vashnia (Snake:2)
  6 titans
  10 liches
  A deep elf blademaster (Elf:2)
  28 Orb Guardians
  4 quicksilver dragons
  3 deep elf master archers
  A sphinx (Vaults:3)
  Polyphemus (Shoals:3)
  An octopode crusher (Depths:2)
  4 tentacled starspawn (Abyss:1)
  Agnes (Shoals:1)
  10 shadow dragons
  An Executioner (Zot:4)
  Kirke (Shoals:1)
  Frances (Lair:5)
  17 storm dragons
  9 tengu reavers
  5 draconian monks
  4 fire giants
  5 greater nagas (Snake:5)
  Donald (Vaults:3)
  4 ghost moths
  Wiglaf (Depths:1)
  22 vault wardens
  Maud (Shoals:1)
  An iron dragon (Depths:2)
  An orc warlord (Orc:4)
  Aizul (Snake:1)
  15 deep elf sorcerers
  7 frost giants
  7 emperor scorpions
  4 draconian scorchers
  3 cacodemons
  4 draconian knights
  3 draconian zealots
  16 ironheart preservers
  3 draconian annihilators
  Jorgrun (Snake:5)
  12 draconian shifters
  A reaper (Abyss:1)
  24 very ugly things
  18 stone giants
  3 draconian callers
  A war gargoyle (Zot:3)
  12 deep elf demonologists
  7 grey draconians
  A vampire knight (Depths:2)
  7 dire elephants
  5 black draconians
  9 white draconians
  Azrael (Lair:5)
  11 green draconians
  5 pale draconians
  7 mottled draconians
  2 purple draconians
  7 red draconians
  10 deep elf annihilators
  6 yellow draconians
  2 minotaurs
  A crystal guardian (Vaults:2)
  20 fire dragons
  13 ettins
  7 merfolk javelineers
  15 deep elf death magi
  26 yaktaur captains
  34 vault guards
  8 merfolk impalers
  5 rakshasas
  11 large abominations
  8 deep elf high priests
  8 great orbs of eyes
  8 death cobs
  20 ice dragons
  17 naga warriors
  A monstrous demonspawn (Depths:4)
  Nessos (Shoals:1)
  11 anacondas
  2 satyrs (Shoals:3)
  6 spriggan air magi
  8 hydras
  3 deep troll earth magi
  3 merfolk aquamancers (Shoals:5)
  2 alligator snapping turtles
  4 merfolk avatars
  15 centaur warriors
  16 dancing weapons
  3 hell beasts
  2 catoblepae
  2 ghost crabs (shapeshifter)
  7 deep troll shamans
  18 ogre magi
  2 tengu warriors
  2 alligators (Depths:2)
  2 vampire magi
  5 thrashing horrors (Abyss:1)
  37 death yaks
  Urug (Shoals:1)
  6 shock serpents
  A hell hog (Abyss:1)
  18 naga sharpshooters
  4 spriggan berserkers
  4 orc high priests
  A sun demon (Orc:4)
  2 wretched stars (Abyss:1)
  2 ice devils
  28 deep trolls
  4 salamander mystics
  26 deep elf knights
  A fire crab (Vaults:4)
  5 unseen horrors
  10 skeletal warriors
  16 sea snakes
  2 death drakes (Depths:5)
  2 iron trolls
  A golden dragon zombie (Depths:3)
  8 lindwurms
  3 shadow wraiths
  12 hell knights
  16 deep elf summoners
  2 anaconda skeletons (Abyss:1)
  3 flayed ghosts
  An obsidian statue (Snake:1)
  3 giant orange brains
  11 ironbrand convokers
  14 hill giants
  A shadow dragon zombie (Depths:3)
  An anubis guard (shapeshifter) (Depths:2)
  15 naga ritualists
  Pikel (D:5)
  17 orc knights
  16 griffons
  16 cyclopes
  A wolf spider (shapeshifter) (Depths:5)
  A deathcap (Zot:3)
  28 harpies
  10 wolf spiders
  9 necromancers
  25 deep elf conjurers
  An oklob plant (Lair:8)
  5 phantasmal warriors
  7 sixfirhies
  A stone giant zombie (Vaults:3)
  A fire giant zombie (Abyss:1)
  5 orc sorcerers
  3 wizards
  A worldbinder (Abyss:1)
  14 mana vipers
  18 manticores
  A draconian (shapeshifter) (D:15)
  57 ugly things
  13 salamanders
  A salamander (shapeshifter) (Elf:1)
  An elephant (shapeshifter) (Vaults:2)
  4 hornets
  45 elephants
  A frost giant skeleton (Depths:3)
  36 moths of wrath
  21 vault sentinels
  A smoke demon (Abyss:1)
  A centaur zombie (D:11)
  3 water nymphs
  A rust devil (Elf:3)
  8 fauns
  6 sirens
  2 octopodes (shapeshifter)
  38 black mambas
  4 guardian serpents
  An eye of devastation (Depths:2)
  13 spiny frogs
  A queen ant (Lair:1)
  2 torpor snails
  7 orange demons
  2 fire giant skeletons (Depths:3)
  A gargoyle (D:10)
  11 komodo dragons
  3 kobold demonologists
  3 demonic crawlers
  A hellion (D:7)
  A yaktaur (shapeshifter) (Vaults:3)
  2 komodo dragons (shapeshifter)
  92 yaktaurs
  10 fire drakes
  10 trolls
  27 deep elf priests
  22 naga magi
  3 drowned souls
  5 harpy zombies (Shoals:2)
  40 merfolk
  The ghost of draider the Cudgeler, an average MiBe of Trog (D:5)
  2 jumping spiders
  3 wind drakes
  A hellwing (Abyss:1)
  A queen bee (Lair:4)
  4 wandering mushrooms (Zot:3)
  9 freezing wraiths
  8 blue devils
  A jumping spider (shapeshifter) (Vaults:5)
  4 polar bears
  2 tengu conjurers (Depths:1)
  21 blink frogs
  25 slime creatures
  A red devil (Abyss:1)
  A slime creature (shapeshifter) (Vaults:5)
  8 ravens
  9 boulder beetles
  31 two-headed ogres
  A griffon zombie (Shoals:2)
  21 snapping turtles
  17 raiju (Abyss:1)
  2 spriggans (shapeshifter)
  12 air elementals
  8 basilisks
  3 shadows
  2 ynoxinuls
  4 water elementals
  69 yaks
  A spriggan (Depths:2)
  7 tarantellas
  A golden eye (shapeshifter) (Vaults:5)
  6 fire elementals
  12 redbacks
  2 wyverns
  46 deep elf magi
  A human (shapeshifter) (Elf:2)
  Eustachio (D:9)
  2 hogs (Shoals:1)
  13 hippogriffs
  6 vampires
  Grum (D:11)
  7 golden eyes
  2 chaos spawn (Abyss:1)
  45 deep elf fighters
  A hippogriff (shapeshifter) (Depths:2)
  5 wraiths
  4 neqoxecs (Abyss:1)
  4 wargs
  A human (Abyss:1)
  3 hungry ghosts
  6 soldier ants
  A fire bat (Abyss:1)
  30 vampire mosquitoes
  3 mottled dragons
  Edmund (D:9)
  55 nagas
  A water moccasin (shapeshifter) (Elf:2)
  22 water moccasins
  8 porcupines
  A deep troll zombie (Depths:2)
  20 wolves
  3 hell hounds
  A porcupine (shapeshifter) (Vaults:5)
  2 swamp drakes (Depths:5)
  3 black bears
  7 ice beasts
  66 ogres
  A swamp drake (shapeshifter) (Vaults:5)
  8 sky beasts
  63 orc warriors
  6 necrophages (Lair:3)
  An eye of draining (Abyss:1)
  2 wasps
  28 centaurs
  2 black bears (shapeshifter)
  3 phantoms
  3 boggarts (Depths:2)
  4 boring beetles
  14 crocodiles
  Sigmund (D:6)
  A brain worm (Abyss:1)
  A human zombie (Vaults:3)
  22 giant frogs
  A human skeleton (Vaults:3)
  A big kobold (D:9)
  A wyvern skeleton (D:12)
  2 hippogriff zombies (Shoals:2)
  4 scorpions
  17 killer bees
  10 wights
  An electric eel (Vaults:4)
  7 crimson imps
  4 goliath beetles
  7 jellies
  17 small abominations
  16 starcursed masses (Abyss:1)
  4 giant frog zombies
  7 quasits
  7 centaur skeletons
  7 hounds
  A giant frog skeleton (D:11)
  33 orc priests
  52 orc wizards
  2 iron imps (Abyss:1)
  9 iguanas
  9 hell rats
  14 sheep
  39 worker ants
  A hound skeleton (D:11)
  A mummy (D:11)
  75 river rats
  25 adders
  8 shadow imps
  A giant mite (D:5)
  7 white imps (Abyss:1)
  2 worms
  3 ufetubi
  An adder skeleton (D:9)
  7 giant geckos
  An ooze (D:4)
  242 orcs
  16 bats
  A bat skeleton (D:8)
  7 giant cockroaches
  27 goblins
  23 hobgoblins
  16 jackals
  19 kobolds
  2 giant gecko skeletons
  4 giant newts
  A giant spore (D:12)
  A jackal skeleton (D:4)
  4 orc zombies
  12 quokkas
  12 rats
  9 ballistomycetes
  2 crawling corpses (Elf:3)
  3 fungi
  A grand avatar (Depths:4)
  4 plants (Shoals:4)
  A starspawn tentacle (Abyss:1)
3328 creatures vanquished.

Vanquished Creatures (collateral kills)
  Ilsuiw (Shoals:5)
  A vault warden (Vaults:3)
  A merfolk javelineer (Shoals:5)
  A merfolk impaler (Shoals:5)
  A yaktaur captain (Vaults:3)
  2 hydras
  A merfolk avatar (Shoals:4)
  A death yak (Lair:5)
  A soul eater (Orc:4)
  2 deep elf knights
  A deep troll (Vaults:3)
  A manticore (Shoals:5)
  4 harpies (Shoals:4)
  A deep elf conjurer (Vaults:3)
  2 ugly things (Vaults:2)
  A water nymph (Shoals:5)
  An orc sorcerer (Orc:4)
  A siren (Shoals:5)
  A smoke demon (Lair:8)
  2 yaktaurs
  3 centaur skeletons
  3 orange demons (Lair:8)
  Psyche (Orc:4)
  2 hellwings
  A kobold demonologist (D:13)
  An elf (shapeshifter) (Vaults:3)
  A freezing wraith (Vaults:3)
  A merfolk (Shoals:2)
  A wind drake (Shoals:5)
  A troll (Orc:4)
  2 two-headed ogres (Vaults:3)
  A snapping turtle (Shoals:5)
  A water elemental (Shoals:5)
  A deep elf fighter (Elf:1)
  2 wargs (Orc:4)
  2 vampire mosquitoes (Vaults:3)
  A hell hound (Lair:8)
  2 orc warriors
  3 ogres
  A warg zombie (Orc:4)
  A wyvern skeleton (D:11)
  4 orc wizards
  An ogre zombie (Orc:4)
  A shadow imp (D:11)
  13 orcs
  A hobgoblin (Orc:4)
  3 kobolds (D:13)
  2 orc zombies (Orc:4)
84 creatures vanquished.

Vanquished Creatures (others)
  A lich (Vaults:5)
  A fire giant (Vaults:3)
  A draconian knight (Zot:1)
  A minotaur (Depths:1)
  A deep elf knight (Elf:3)
  A shadow wraith (Vaults:2)
  3 hill giants
  A water nymph (Shoals:4)
  A black mamba (Snake:3)
  5 drowned souls
  2 water elementals (Vaults:2)
  A yaktaur (Depths:5)
  2 trolls
  2 two-headed ogres
  2 humans (Shoals:1)
  A deep elf fighter (Elf:2)
  A human zombie (Depths:4)
  2 slaves (D:5)
  A spider (shapeshifter) (Zot:3)
  A centaur (D:5)
  3 ogres
  6 lost souls
  2 small abominations (Abyss:1)
  An orc wizard (Vaults:5)
  An adder (D:5)
  A shadow imp (Snake:1)
  An orc (D:5)
  A giant spore (D:14)
  A crawling corpse (Elf:1)
  33 fungi
  5 plants
  6 starspawn tentacles (Abyss:1)
92 creatures vanquished.

Grand Total: 3504 creatures vanquished

Notes
Turn   | Place    | Note
--------------------------------------------------------------
     0 | D:1      | draider, the Minotaur Berserker, began the quest for the Orb.
     0 | D:1      | Reached XP level 1. HP: 19/19 MP: 1/1
   388 | D:1      | Reached skill level 4 in Maces & Flails
   391 | D:1      | Reached XP level 2. HP: 27/27 MP: 1/1
  1108 | D:2      | Reached XP level 3. HP: 33/33 MP: 2/2
  1112 | D:2      | Acquired Trog's second power
  1423 | D:2      | Found a sacrificial altar of Ru.
  1572 | D:3      | Reached skill level 5 in Maces & Flails
  1572 | D:3      | Reached skill level 1 in Shields
  1572 | D:3      | Reached XP level 4. HP: 38/40 MP: 2/2
  1944 | D:3      | Found a sacrificial altar of Ru.
  2200 | D:4      | Noticed a phantom
  2208 | D:4      | Killed a phantom
  2208 | D:4      | Reached skill level 1 in Evocations
  2208 | D:4      | Reached XP level 5. HP: 45/47 MP: 2/2
  2264 | D:4      | Found a staircase to the Ecumenical Temple.
  2437 | D:4      | Got a bloodstained short sword
  2449 | D:4      | Noticed an ogre
  2459 | D:4      | Killed an ogre
  2459 | D:4      | Reached skill level 6 in Maces & Flails
  2459 | D:4      | Reached XP level 6. HP: 55/55 MP: 4/4
  2502 | D:4      | Found a shimmering altar of Xom.
  2630 | D:4      | Noticed a sky beast
  2643 | D:4      | Killed a sky beast
  2643 | D:4      | Reached skill level 5 in Fighting
  2800 | D:4      | Acquired Trog's third power
  2962 | D:4      | Reached XP level 7. HP: 61/61 MP: 5/5
  3061 | D:5      | Entered Level 5 of the Dungeon
  3079 | D:5      | Noticed Pikel
  3125 | D:5      | Killed Pikel
  3125 | D:5      | Reached skill level 7 in Maces & Flails
  3125 | D:5      | Reached skill level 5 in Armour
  3125 | D:5      | Reached XP level 8. HP: 70/70 MP: 5/6
  3312 | D:5      | Noticed draider's ghost (average MiBe)
  3328 | D:5      | Killed draider's ghost
  3328 | D:5      | Reached skill level 8 in Maces & Flails
  3695 | D:5      | Found Viricw's Distillery.
  3720 | D:5      | Bought a potion of curing for 42 gold pieces
  3720 | D:5      | Bought a potion of haste for 140 gold pieces
  3762 | D:5      | Reached skill level 5 in Shields
  3807 | D:5      | Reached skill level 9 in Maces & Flails
  4084 | D:5      | Found a bloodstained altar of Trog.
  4399 | D:6      | Noticed Sigmund
  4403 | D:6      | Killed Sigmund
  4713 | D:6      | Got a heavily runed ring mail
  4724 | D:6      | Identified the +0 ring mail of the Serpent {SInv} (You found it on level 6 of the Dungeon)
  4968 | D:6      | Reached XP level 9. HP: 78/78 MP: 10/10
  5437 | D:7      | Reached skill level 10 in Maces & Flails
  5552 | D:7      | Found a stormy altar of Qazlal.
  5553 | D:7      | Found a glowing silver altar of Zin.
  5947 | D:7      | Received a gift from Trog
  6518 | D:7      | Reached skill level 5 in Evocations
  6770 | D:7      | Reached skill level 11 in Maces & Flails
  7165 | D:8      | Found a radiant altar of Vehumet.
  7213 | D:8      | Found a staircase to the Lair.
  7214 | D:8      | Noticed an elephant
  7232 | D:8      | Reached XP level 10. HP: 88/88 MP: 13/13
  7236 | D:8      | Killed an elephant
  7786 | D:9      | Found Chaupt's Gadget Shoppe.
  7795 | D:9      | Noticed Eustachio
  8048 | D:9      | Killed Eustachio
  8111 | D:9      | Found Strana Greicw's Gadget Shoppe.
  8167 | D:9      | Found Mudimurph's Gadget Shop.
  8316 | D:9      | Reached skill level 12 in Maces & Flails
  8416 | D:9      | Noticed Edmund
  8425 | D:9      | Killed Edmund
  8573 | D:9      | Received a gift from Trog
  8618 | D:9      | Found Wexek's Gadget Emporium.
  8639 | D:9      | Found a shadowy altar of Dithmenos.
  8640 | D:9      | Found a bloodstained altar of Trog.
  8700 | D:9      | Found Oropum's Antique Armour Boutique.
  8899 | D:10     | Entered Level 10 of the Dungeon
  8968 | D:10     | Reached skill level 10 in Fighting
  9242 | D:10     | Reached XP level 11. HP: 78/101 MP: 17/17
  9905 | D:10     | Found a staircase to the Orcish Mines.
 10026 | Lair:1   | Entered Level 1 of the Lair of Beasts
 10417 | Lair:1   | Reached skill level 5 in Dodging
 10618 | Lair:1   | Received a gift from Trog
 10631 | Lair:1   | Got a bloodstained helmet
 11858 | Lair:2   | Received a gift from Trog
 11858 | Lair:2   | Reached XP level 12. HP: 93/113 MP: 20/20
 11978 | Lair:2   | Reached skill level 13 in Fighting
 12094 | Lair:2   | Received a gift from Trog
 12721 | Lair:3   | Reached skill level 10 in Armour
 12801 | Lair:3   | Found a labyrinth entrance.
 12816 | Lab      | Entered a labyrinth
 13132 | Lab      | Noticed a minotaur
 13140 | Lab      | Killed a minotaur
 13142 | Lab      | Got an ancient arbalest
 13147 | Lab      | Got a bone great mace
 13297 | Lair:3   | Reached skill level 14 in Fighting
 13335 | Lair:2   | Identified the +3 great mace of Fundamental Breach {freeze, rElec rN+ Str+3 Int-2 Dex+4} (You found it in a labyrinth)
 14292 | Lair:4   | Reached XP level 13. HP: 125/125 MP: 22/22
 14551 | Lair:4   | Found a staircase to the Shoals.
 14560 | Lair:4   | Received a gift from Trog
 14762 | Lair:4   | Reached skill level 15 in Fighting
 14832 | Lair:4   | Reached skill level 10 in Evocations
 15057 | Lair:4   | Noticed a catoblepas
 15076 | Lair:4   | Killed a catoblepas
 15693 | Lair:5   | Received a gift from Trog
 16294 | Lair:5   | Found a staircase to the Snake Pit.
 16637 | Lair:6   | Reached skill level 10 in Dodging
 16850 | Lair:6   | Received a gift from Trog
 17328 | Lair:6   | Got an encrusted chain mail
 17342 | Lair:6   | Identified the cursed -2 chain mail "Asmox" {rN+ Str-2 Dex+5} (You found it on level 6 of the Lair of Beasts)
 17870 | Lair:7   | Received a gift from Trog
 17874 | Lair:7   | Reached XP level 14. HP: 135/135 MP: 23/23
 18818 | Lair:8   | Entered Level 8 of the Lair of Beasts
 19509 | Lair:8   | Found a staircase to the Slime Pits.
 19510 | Lair:8   | Found a viscous altar of Jiyva.
 19591 | Lair:8   | Received a gift from Trog
 20086 | Lair:8   | Found a burning altar of Makhleb.
 20359 | Lair:8   | Found a gateway to Hell.
 20934 | Lair:8   | Received a gift from Trog
 20938 | Lair:8   | Reached skill level 15 in Maces & Flails
 21334 | Lair:8   | Reached XP level 15. HP: 141/141 MP: 25/25
 22536 | D:11     | Found a deep blue altar of Sif Muna.
 23182 | D:11     | Received a gift from Trog
 23495 | D:11     | Noticed Grum
 23517 | D:11     | Killed Grum
 23556 | D:11     | Identified a +9 rod of clouds (12/12) (You found it on level 11 of the Dungeon)
 23839 | Orc:1    | Entered Level 1 of the Orcish Mines
 24037 | Orc:2    | Found Shedenao's Food Shoppe.
 24544 | Orc:3    | Found a roughly hewn altar of Beogh.
 24841 | Orc:3    | Received a gift from Trog
 25035 | Orc:3    | Reached skill level 10 in Shields
 25313 | Orc:3    | Found a staircase to the Elven Halls.
 25612 | Orc:4    | Entered Level 4 of the Orcish Mines
 25637 | Orc:4    | Received a gift from Trog
 25646 | Orc:4    | Got a crystal hunting sling {god gift}
 25647 | Orc:4    | Identified the +2 hunting sling of the Dead {velocity, rN++ Dex-4} (Trog gifted it to you on level 4 of the Orcish Mines)
 25678 | Orc:4    | Found a roughly hewn altar of Beogh.
 25781 | Orc:4    | Found a roughly hewn altar of Beogh.
 25830 | Orc:4    | Noticed Psyche
 25837 | Orc:4    | Killed Psyche
 25916 | Orc:4    | Found a roughly hewn altar of Beogh.
 26191 | Orc:4    | Received a gift from Trog
 26327 | Orc:4    | Found Baixeil's Antique Weapon Boutique.
 26327 | Orc:4    | Found a roughly hewn altar of Beogh.
 26331 | Orc:4    | Found Ifeased's Antique Armour Shop.
 26345 | Orc:4    | Bought a pair of embroidered boots for 103 gold pieces
 26534 | Orc:4    | Found a roughly hewn altar of Beogh.
 26542 | Orc:4    | Found Wuel's Weapon Emporium.
 26742 | Orc:4    | Found a roughly hewn altar of Beogh.
 26742 | Orc:4    | Found Zayva's Weapon Boutique.
 26754 | Orc:4    | Received a gift from Trog
 27045 | Orc:2    | Found a roughly hewn altar of Beogh.
 27065 | Orc:2    | Received a gift from Trog
 27253 | Orc:2    | Received a gift from Trog
 28747 | D:13     | Received a gift from Trog
 29058 | D:13     | Found Choaw's Book Boutique.
 29268 | D:13     | Got a crude ring mail
 29279 | D:13     | Identified the cursed -1 ring mail of Context {rC+ Str+5 Dex-3 Stlth+} (You found it on level 13 of the Dungeon)
 30045 | D:14     | Found a gate to the Vaults.
 30716 | D:15     | Entered Level 15 of the Dungeon
 30722 | D:15     | Received a gift from Trog
 30722 | D:15     | Reached XP level 16. HP: 149/149 MP: 25/25
 31490 | D:15     | Reached skill level 15 in Shields
 31521 | D:15     | Found a staircase to the Depths.
 32117 | Shoals:1 | Entered Level 1 of the Shoals
 32170 | Shoals:1 | Found Bomop's Weapon Boutique.
 32268 | Shoals:1 | Found Haezoz's Assorted Antiques.
 32290 | Shoals:1 | Bought a scroll of teleportation for 87 gold pieces
 32290 | Shoals:1 | Bought a scroll of identify for 58 gold pieces
 32314 | Shoals:1 | Noticed Maud
 32326 | Shoals:1 | Noticed Nessos
 32334 | Shoals:1 | Noticed Kirke
 32343 | Shoals:1 | Killed Maud
 32347 | Shoals:1 | Killed Nessos
 32363 | Shoals:1 | Killed Kirke
 32456 | Shoals:1 | Noticed Agnes
 32464 | Shoals:1 | Killed Agnes
 32464 | Shoals:1 | Reached skill level 15 in Armour
 32785 | Shoals:1 | Reached skill level 1 in Throwing
 33342 | Shoals:1 | Noticed Urug
 33353 | Shoals:1 | Killed Urug
 33690 | Shoals:2 | Reached skill level 16 in Fighting
 34008 | Shoals:2 | Received a gift from Trog
 34546 | Shoals:3 | Received a gift from Trog
 34854 | Shoals:3 | Noticed Norris
 34883 | Shoals:3 | Killed Norris
 35005 | Shoals:3 | Reached skill level 5 in Throwing
 35058 | Shoals:3 | Noticed Polyphemus
 35331 | Shoals:3 | Reached XP level 17. HP: 160/160 MP: 26/26
 35403 | Shoals:3 | Killed Polyphemus
 35420 | Shoals:4 | Received a gift from Trog
 35771 | Shoals:4 | Gained mutation: You have an increased reservoir of magic (+10% MP). [potion of beneficial mutation]
 36035 | Shoals:5 | Entered Level 5 of the Shoals
 36101 | Shoals:4 | Received a gift from Trog
 36205 | Shoals:4 | Found a bloodstained altar of Trog.
 36231 | Shoals:4 | Reached skill level 17 in Fighting
 36233 | Shoals:4 | Received a gift from Trog
 36576 | Shoals:3 | Received a gift from Trog
 36664 | Shoals:1 | Bought the cursed +2 mace of Death's Door {antimagic, +Fly rF++ MR-} for 583 gold pieces
 36846 | Snake:1  | Entered Level 1 of the Snake Pit
 36868 | Snake:1  | Noticed Azrael
 37064 | Snake:1  | Noticed Frances
 37222 | Lair:5   | Killed Azrael
 37495 | Snake:1  | Noticed Aizul
 37532 | Lair:5   | Killed Frances
 38354 | Snake:1  | Killed Aizul
 38673 | Snake:1  | Received a gift from Trog
 39304 | Snake:2  | Noticed Vashnia
 39582 | Snake:2  | Killed Vashnia
 40947 | Snake:2  | Received a gift from Trog
 41312 | Snake:3  | Received a gift from Trog
 41552 | Snake:3  | Reached skill level 15 in Dodging
 41816 | Snake:3  | Noticed Nikola
 41840 | Snake:3  | Killed Nikola
 41840 | Snake:3  | Received a gift from Trog
 42157 | Snake:3  | Reached skill level 18 in Fighting
 43044 | Snake:4  | Reached XP level 18. HP: 172/172 MP: 30/30
 45044 | Shoals:5 | Received a gift from Trog
 45371 | Shoals:5 | Got a shimmering amber ring
 45377 | Shoals:5 | Identified the ring of Yciqiusch {SustAb Contam rPois rN++ Dex+5} (You took it off a merfolk on level 5 of the Shoals)
 45457 | Shoals:5 | Noticed Ilsuiw
 45475 | Shoals:5 | Killed Ilsuiw
 45599 | Shoals:5 | Got a barnacled rune of Zot
 45655 | Shoals:5 | Received a gift from Trog
 46101 | Shoals:5 | Received a gift from Trog
 46462 | Shoals:3 | Received a gift from Trog
 46988 | Snake:5  | Entered Level 5 of the Snake Pit
 47035 | Snake:5  | Noticed Jorgrun
 47058 | Snake:5  | Killed Jorgrun
 47151 | Snake:5  | Received a gift from Trog
 47722 | Snake:5  | Reached skill level 19 in Fighting
 47742 | Snake:5  | Received a gift from Trog
 48042 | Snake:5  | Received a gift from Trog
 48588 | Snake:5  | Received a gift from Trog
 48588 | Snake:5  | Reached XP level 19. HP: 118/182 MP: 28/34
 49887 | Snake:5  | Received a gift from Trog
 50033 | Snake:5  | Got a serpentine rune of Zot
 50313 | Snake:5  | Received a gift from Trog
 51254 | D:5      | Bought a potion of beneficial mutation for 490 gold pieces
 51254 | D:5      | Gained mutation: You passively map a small area around you. [potion of beneficial mutation]
 51549 | Vaults:1 | Entered Level 1 of the Vaults
 52106 | Vaults:1 | Received a gift from Trog
 52128 | Vaults:1 | Found Ophutisi's General Store.
 52583 | Vaults:1 | Reached skill level 15 in Evocations
 53653 | Vaults:1 | Reached skill level 20 in Fighting
 53896 | Vaults:2 | Received a gift from Trog
 54274 | Vaults:2 | Reached XP level 20. HP: 187/193 MP: 34/36
 55071 | Vaults:2 | Found Eboduon's Weapon Emporium.
 55100 | Vaults:2 | Received a gift from Trog
 55284 | Vaults:2 | Received a gift from Trog
 56531 | Vaults:2 | Received a gift from Trog
 56863 | Vaults:3 | Noticed Donald
 56900 | Vaults:3 | Killed Donald
 56925 | Vaults:3 | Got a heavily runed shield
 56936 | Vaults:3 | Identified the +0 shield "Trijai" {+Inv Str-4 Int+8} (You took it off Donald on level 3 of the Vaults)
 57207 | Vaults:3 | Received a gift from Trog
 57485 | Vaults:3 | Received a gift from Trog
 57506 | Vaults:3 | Reached skill level 21 in Fighting
 57719 | Vaults:3 | Found a staircase to the Crypt.
 58077 | Vaults:3 | Reached XP level 21. HP: 192/204 MP: 35/37
 58093 | Vaults:3 | Received a gift from Trog
 58183 | Vaults:3 | Gained mutation: You have sharp toenails. [potion of beneficial mutation]
 58791 | Vaults:3 | Noticed Boris
 58804 | Vaults:3 | Killed Boris
 59044 | Vaults:3 | Received a gift from Trog
 59685 | Vaults:4 | Reached skill level 22 in Fighting
 59778 | Vaults:4 | Received a gift from Trog
 60094 | Vaults:4 | Received a gift from Trog
 60285 | Vaults:4 | Received a gift from Trog
 60298 | Vaults:4 | Got a scorched eveningstar {god gift}
 60341 | Vaults:4 | Identified the +9 eveningstar of Wucat {crush, rPois} (Trog gifted it to you on level 4 of the Vaults)
 61656 | Elf:1    | Entered Level 1 of the Elven Halls
 61849 | Elf:1    | Received a gift from Trog
 62207 | Elf:1    | Gained mutation: Your system is resistant to poisons. [potion of beneficial mutation]
 62420 | Elf:1    | Got a sparkling iron amulet
 62446 | Elf:1    | Identified the amulet "Khej" {rMut MP+9 Str+4 Int-2} (You took it off a deep elf knight on level 1 of the Elven Halls)
 62453 | Elf:1    | Gained mutation: You are partially covered in slimy green scales (AC +2). [potion of beneficial mutation]
 62866 | Elf:2    | Received a gift from Trog
 62877 | Elf:2    | Got a slimy battleaxe {god gift}
 63410 | Elf:2    | Reached skill level 23 in Fighting
 63568 | Elf:2    | Received a gift from Trog
 63619 | Elf:2    | Found a huge runed gate.
 63620 | Elf:2    | Found a huge runed gate.
 63620 | Elf:2    | Found a huge runed gate.
 63621 | Elf:2    | Found a huge runed gate.
 63625 | Elf:2    | Found a huge runed gate.
 63872 | Elf:2    | Reached XP level 22. HP: 213/220 MP: 37/37
 64481 | Elf:2    | Received a gift from Trog
 64670 | Elf:3    | Entered Level 3 of the Elven Halls
 65041 | Elf:3    | Noticed Mara
 65056 | Elf:3    | Killed Mara
 65966 | Elf:3    | Got a transparent dire flail
 66037 | Elf:3    | Cast into the Abyss (a deep elf sorcerer)
 66373 | Abyss:1  | Paralysed by accursed screaming for 2 turns
 66437 | Abyss:1  | Received a gift from Trog
 66535 | Abyss:1  | Found a corrupted altar of Lugonu.
 66926 | Abyss:1  | Reached skill level 24 in Fighting
 67438 | Abyss:1  | Received a gift from Trog
 67738 | Abyss:1  | Gained mutation: Armour fits poorly on your strangely shaped body. [a cacodemon]
 67952 | Abyss:1  | Received a gift from Trog
 67986 | Abyss:1  | Found a corrupted altar of Lugonu.
 67996 | Elf:3    | Escaped the Abyss
 68099 | Elf:3    | Cast into the Abyss (a deep elf demonologist)
 68490 | Elf:3    | Escaped the Abyss
 68550 | Elf:3    | Cast into the Abyss (a deep elf sorcerer)
 68573 | Abyss:1  | Found a corrupted altar of Lugonu.
 68657 | Elf:3    | Escaped the Abyss
 68699 | Elf:3    | Identified the cursed -2 dire flail of a Thousand Deaths {freeze, Int+5 Stlth-} (You took it off a deep elf sorcerer on level 3 of the Elven Halls)
 68700 | Elf:3    | Identified a scroll of acquirement
 68705 | Elf:3    | Got a glittering ivory ring
 68789 | Elf:3    | Identified the ring "Ketexoak" {Contam AC+4 Str+4 Dex+4} (You took it off a deep elf sorcerer on level 3 of the Elven Halls)
 68872 | Elf:2    | Lost mutation: Your system is resistant to poisons. [potion of cure mutation]
 68872 | Elf:2    | Lost mutation: You have an increased reservoir of magic (+10% MP). [potion of cure mutation]
 68872 | Elf:2    | Lost mutation: Armour fits poorly on your strangely shaped body. [potion of cure mutation]
 68872 | Elf:2    | Lost mutation: You have sharp toenails. [potion of cure mutation]
 68872 | Elf:2    | Lost mutation: You passively map a small area around you. [potion of cure mutation]
 69181 | Elf:3    | Reached XP level 23. HP: 232/232 MP: 35/35
 69323 | Elf:3    | Received a gift from Trog
 70006 | Elf:3    | Received a gift from Trog
 70244 | Elf:3    | Reached skill level 25 in Fighting
 70834 | D:9      | Bought the +2 hat of the Bear Spirit {Spirit, +Rage rN+ MR++} for 556 gold pieces
 71104 | Elf:2    | Upgraded the game from 0.16.1-12-gf5c4a84 to 0.16.1-14-g82efdee
 71522 | Depths:1 | Entered Level 1 of the Depths
 71643 | Depths:1 | Found Lyut's Jewellery Shoppe.
 71732 | Depths:1 | Received a gift from Trog
 72048 | Depths:1 | Noticed Wiglaf
 72076 | Depths:1 | Killed Wiglaf
 72365 | Depths:1 | Received a gift from Trog
 72667 | Depths:1 | Received a gift from Trog
 72920 | Depths:1 | Found a one-way gate leading to the halls of Pandemonium.
 73018 | Depths:2 | Received a gift from Trog
 73725 | Depths:2 | Got a smoking tin ring
 73732 | Depths:2 | Identified the ring of Psychosis {+Inv rC+ MR+ Str+2 Slay-5} (You found it on level 2 of the Depths)
 73829 | Depths:2 | Received a gift from Trog
 74099 | Depths:2 | Received a gift from Trog
 74256 | Depths:2 | Reached XP level 24. HP: 233/242 MP: 35/35
 74860 | Depths:3 | Received a gift from Trog
 75310 | Depths:4 | Found a gateway to a ziggurat.
 76221 | Depths:4 | Received a gift from Trog
 76713 | Depths:4 | Received a gift from Trog
 76928 | Depths:4 | Received a gift from Trog
 77023 | Depths:4 | Noticed Margery
 77039 | Depths:4 | Killed Margery
 77547 | Depths:4 | Found a one-way gate to the infinite horrors of the Abyss.
 77951 | Depths:5 | Entered Level 5 of the Depths
 77954 | Depths:5 | Received a gift from Trog
 78030 | Depths:5 | Reached XP level 25. HP: 242/250 MP: 36/36
 78702 | Depths:5 | Found a gate to the Realm of Zot.
 79650 | Depths:5 | Received a gift from Trog
 80539 | Lair:2   | Got a twisted hat
 80541 | Lair:2   | Identified the -3 hat of Hedge Wizardry {MR++ Str-2 SInv} (You acquired it on level 2 of the Lair of Beasts)
 81022 | Vaults:5 | Entered Level 5 of the Vaults
 81217 | Vaults:4 | Received a gift from Trog
 81278 | Vaults:5 | Noticed Magnus' ghost (mighty DsSk)
 81406 | Vaults:5 | Reached skill level 26 in Fighting
 81875 | Vaults:5 | Killed Magnus' ghost
 82143 | Vaults:5 | Received a gift from Trog
 82411 | Vaults:4 | Reached XP level 26. HP: 259/259 MP: 36/36
 82418 | Vaults:5 | Noticed Mennas
 82475 | Vaults:4 | Killed Mennas
 82612 | Vaults:5 | Found Bluugih's General Store.
 82616 | Vaults:5 | Bought a scroll of identify for 30 gold pieces
 82709 | Vaults:5 | Noticed Sojobo
 82744 | Vaults:5 | Killed Sojobo
 82816 | Vaults:5 | Received a gift from Trog
 82878 | Vaults:5 | Noticed an ancient lich
 82895 | Vaults:5 | Killed an ancient lich
 83190 | Vaults:5 | Identified a +2 pair of boots of running (You found it on level 5 of the Vaults)
 83516 | Vaults:5 | Found Gusy's Gadget Shoppe.
 83749 | Vaults:5 | Received a gift from Trog
 83937 | Vaults:5 | Got a silver rune of Zot
 84060 | Vaults:5 | Identified the Incunabulum of Hexes and the Escort
 84550 | D:9      | Bought a wand of heal wounds (5) for 702 gold pieces
 84580 | D:9      | Bought a wand of heal wounds (5) for 918 gold pieces
 84889 | Zot:1    | Entered Level 1 of the Realm of Zot
 84921 | Zot:2    | Received a gift from Trog
 85002 | Zot:1    | Reached skill level 27 in Fighting
 87323 | Zot:2    | Reached XP level 27. HP: 272/272 MP: 37/37
 88245 | Zot:3    | Received a gift from Trog
 88389 | Zot:3    | Noticed an orb of fire
 88413 | Zot:3    | Killed an orb of fire
 88428 | Zot:3    | Received a gift from Trog
 89990 | Zot:3    | Identified Zoceje Trou's Volume of Companions and Lightness
 90397 | Zot:4    | Received a gift from Trog
 90833 | Zot:4    | Reached skill level 27 in Armour
 91754 | Zot:5    | Entered Level 5 of the Realm of Zot
 92391 | Zot:5    | Noticed an ancient lich
 92407 | Zot:5    | Killed an ancient lich
 92491 | Zot:5    | Noticed an orb of fire
 92520 | Zot:5    | Noticed an ancient lich
 92523 | Zot:5    | Killed an orb of fire
 92565 | Zot:5    | Killed an ancient lich
 92885 | Zot:5    | Noticed an orb of fire
 92905 | Zot:5    | Killed an orb of fire
 92978 | Zot:5    | Noticed an ancient lich
 92993 | Zot:5    | Killed an ancient lich
 93082 | Zot:5    | Noticed an orb of fire
 93096 | Zot:5    | Killed an orb of fire
 93106 | Zot:5    | Noticed an orb of fire
 93140 | Zot:5    | Killed an orb of fire
 93370 | Zot:5    | Noticed an ancient lich
 93380 | Zot:5    | Killed an ancient lich
 93590 | Zot:5    | Noticed an ancient lich
 93609 | Zot:5    | Killed an ancient lich
 93828 | Zot:5    | Noticed an orb of fire
 93834 | Zot:5    | Killed an orb of fire
 93958 | Zot:5    | Noticed an orb of fire
 93975 | Zot:5    | Killed an orb of fire
 94228 | Zot:5    | Got the Orb of Zot
 94257 | Zot:5    | Received a gift from Trog
 94956 | D:$      | Escaped with the Orb!

Action                   |  1- 3 |  4- 6 |  7- 9 | 10-12 | 13-15 | 16-18 | 19-21 | 22-24 | 25-27 || total
-------------------------+-------+-------+-------+-------+-------+-------+-------+-------+-------++-------
Melee: Mace              |    88 |    81 |       |       |       |       |       |       |       ||   169
       Whip              |       |    69 |    13 |       |       |       |       |       |       ||    82
       Morningstar       |       |       |   188 |       |       |       |       |       |       ||   188
       Demon whip        |       |       |    81 |   767 |  2328 |  2566 |  1563 |       |       ||  7305
       Eveningstar       |       |       |       |       |       |       |  1019 |  1905 |  2228 ||  5152
Throw: Stone             |       |       |     4 |     7 |     2 |       |       |       |       ||    13
       Javelin           |       |       |       |    16 |     4 |       |       |       |       ||    20
       Tomahawk          |       |       |       |       |    29 |    70 |    18 |   138 |    89 ||   344
Invok: Trog's Hand       |       |     1 |     2 |     1 |    15 |     8 |    15 |     9 |    11 ||    62
       Berserk           |       |     3 |     7 |    14 |    19 |    24 |    11 |     5 |    14 ||    97
       Burn Spellbooks   |       |       |       |     1 |       |     2 |     1 |     3 |       ||     7
       Brothers in Arms  |       |       |       |       |     8 |     6 |     5 |     1 |       ||    20
 Abil: Evoke Invisibilit |       |       |     1 |     1 |       |    10 |     1 |     4 |       ||    17
       Evoke Teleport Co |       |       |       |       |       |       |       |       |     2 ||     2
Evoke: Wand              |       |       |       |       |       |     1 |     2 |     5 |     4 ||    12
       Phial of floods   |       |       |       |       |       |       |     1 |       |       ||     1
  Use: Scroll            |       |       |     6 |     7 |    19 |    13 |     5 |     6 |    24 ||    80
       Potion            |       |       |       |       |       |     3 |     4 |     1 |     4 ||    12
 Stab: Invisible         |       |       |     2 |       |       |    27 |       |     3 |       ||    32
       Petrifying        |       |       |       |       |       |       |       |     1 |       ||     1
       Confused          |       |       |       |       |       |       |       |     3 |       ||     3
  Eat: Chunk             |     2 |     7 |    18 |    34 |    63 |    53 |    55 |    29 |    22 ||   283
       Fruit             |       |       |     4 |     3 |     5 |    19 |     2 |       |       ||    33
       Pizza             |       |       |       |       |     3 |     1 |       |       |     1 ||     5
       Bread ration      |       |       |       |       |     1 |       |       |     2 |     3 ||     6
       Royal jelly       |       |       |       |       |       |     7 |       |       |       ||     7
       Meat ration       |       |       |       |       |       |     1 |       |     1 |     7 ||     9
       Beef jerky        |       |       |       |       |       |       |     6 |     9 |     2 ||    17
